 Dungeon Crawl Stone Soup version 0.19-a0-1019-g9c6a58d (webtiles) character file.

73 matakusis the Ducker (level 4, 0/34 HPs)
             Began as a Demonspawn Gladiator on July 26, 2016.
             Slain by a kobold (3 damage)
             ... on level 2 of the Dungeon.
             The game lasted 00:05:31 (1426 turns).

matakusis the Ducker (Demonspawn Gladiator)         Turns: 1426, Time: 00:05:31

Health: 0/34       AC:  4    Str: 14 (16) XL:     4   Next: 8%
Magic:  4/4        EV: 13    Int:  7 (9)  God:
Gold:   32         SH:  0    Dex: 11 (14) Spells: 0 memorised, 3 levels left

rFire  . . .     SeeInvis .     (no weapon)
rCold  . . .     Gourm    .     b - +0 leather armour
rNeg   . . .     Faith    .     (no shield)
rPois  .         Spirit   .     c - +0 helmet
rElec  .         Dismiss  .     (no cloak)
rCorr  .         Reflect  .     (no gloves)
SustAt .         Harm     .     (no boots)
MR     .....                    (no amulet)
Stlth  ++........               (no ring)
                                (no ring)

@: lethally poisoned (0 -> -3), not resistant to hostile enchantments,
unstealthy
A: claws 2, nightstalker 1
a: no special abilities


You were on level 2 of the Dungeon.
You were not hungry.

You visited 1 branch of the dungeon, and saw 2 of its levels.

You collected 32 gold pieces.

Inventory:

Missiles
 d - 3 throwing nets (quivered)
Armour
 b - a +0 leather armour (worn)
 c - a +0 helmet (worn)
Scrolls
 e - a scroll of identify
 h - a scroll of amnesia {unknown}
 i - a scroll of blinking
Potions
 g - a potion of agility
Comestibles
 a - 6 chunks of flesh
 f - 2 bread rations


   Skills:
 + Level 2.6 Fighting
   Level 3.1 Long Blades
 - Level 1.7 Throwing
 + Level 1.0 Armour
 + Level 3.6 Dodging


You had 3 spell levels left.
You didn't know any spells.

Dungeon Overview and Level Annotations

Branches:
Dungeon (2/15)

Altars:


Innate Abilities, Weirdness & Mutations

You have very sharp fingernails.
You are slightly more attuned to the shadows.


Message History

The adder is almost dead.
The adder bites you.
* * * LOW HITPOINT WARNING * * *
You are lethally poisoned!
The adder poisons you! The adder barely misses you.
A worm comes into view.
You scratch the adder.
You kill the adder!
Your Armour skill increases to level 1!
You have reached level 4!
You feel stronger.
Your demonic ancestry asserts itself...
You slip into the darkness of the dungeon.
* * * LOW HITPOINT WARNING * * *
You feel sick.
Okay, then.
You closely miss the kobold. The kobold misses you.
You scratch the kobold but do no damage.
* * * LOW HITPOINT WARNING * * *
You feel sick. The kobold hits you.
You die...

..<### ### ### .....
..# ##.## ##$..# #.#
##)..## #..$.#
#.#####.....## #...#
.............###...###
#.###....)...........#
#.# ##....[..###.###.#
#.# ##.....## #@# #.#
##...## #K# #.# ##.##
#K# #.# ### .g. ..#
... ### ....w .....
##...##


You could see a worm, a hobgoblin and 2 kobolds.

Vanquished Creatures
  An adder (D:2)
  An ooze (D:1)
  A worm (D:2)
  A dart slug (D:1)
  3 giant geckos
  3 ball pythons
  3 giant cockroaches (D:1)
  4 hobgoblins
  6 jackals (D:1)
  A quokka (D:2)
  4 bats (D:1)
  A giant newt (D:1)
  8 goblins (D:1)
  5 kobolds (D:1)
  6 rats (D:1)
48 creatures vanquished.

Notes
Turn   | Place    | Note
-------+----------+-------------------------------------------
     0 | D:1      | matakusis the Demonspawn Gladiator began the quest for the Orb.
     0 | D:1      | Reached XP level 1. HP: 16/16 MP: 1/1
    48 | D:1      | Gained mutation: You have sharp fingernails. [demonic ancestry]
    48 | D:1      | Reached XP level 2. HP: 22/22 MP: 2/2
   260 | D:1      | Gained mutation: You have very sharp fingernails. [demonic ancestry]
   260 | D:1      | Reached XP level 3. HP: 9/27 MP: 3/3
  1424 | D:2      | Reached skill level 1 in Armour
  1424 | D:2      | Gained mutation: You are slightly more attuned to the shadows. [demonic ancestry]
  1424 | D:2      | Reached XP level 4. HP: 5/34 MP: 4/4
  1426 | D:2      | Slain by a kobold

Vault maps used:
D:1:      sevenhm_arrival_forest_fort_small_5, minmay_cupped
D:2:      fedhas_altar_3

Skill      XL: |  1  2  3 |
---------------+----------+-----
Dodging        | 3 |  3.6
Long Blades    | 3 |  3.1
Armour         | 1 |  1.0
Fighting       | |  2.6
Throwing       | |  1.7

Action                   |  1- 3 |  4- 6 || total
-------------------------+-------+-------++-------
Melee: Long sword        |   104 |       ||   104
       Unarmed           |    77 |     2 ||    79
  Use: Potion            |     5 |       ||     5
       Scroll            |     3 |       ||     3
 Stab: Sleeping          |     1 |       ||     1
  Eat: Chunk             |     2 |       ||     2
Armor: Leather armour    |    41 |       ||    41
Dodge: Dodged            |   107 |     1 ||   108
